[ AOE2 MATCH · #506716132 ]
UnrankedDravidians vs Byzantines
Player's team · LOSS
[ REPLAY ANALYSIS · EXTRACTED FROM THE RECORDED GAME ]
Feudal
9:16
Castle
22:29
Imperial
—
| APM avg | 101.8 |
| APM peak | 157 |
| eAPM avg | 57.2 |
| Villagers / military | 141 / 111 |
Focus
⚔️ 74.6% · 🌾 25.4%
Skirmisher ×94 · Spearman ×6 · Mangonel ×5 · Militia ×4 · Armored Elephant ×2
Feudal
8:51
Castle
22:08
Imperial
37:48
| APM avg | 52.6 |
| APM peak | 86 |
| eAPM avg | 21.1 |
| Villagers / military | 124 / 131 |
Focus
⚔️ 36.3% · 🌾 63.7%
Skirmisher ×116 · Monk ×3 · Mangonel ×3 · Spearman ×3 · Scout Cavalry ×3 · Archer ×1
Match map
Initial resources + every placement click. Lines = walls · curves = elevation contours. ◆ gold · ⬟ stone · ● berries · ✦ relic · ◌ wall gap
Your base· Open — 7t gap
french drush's base· ✓ Closed at 22:08 · 15t walls · 1 gate(s)
Smoothed initial terrain · ◌ = detected wall gap · hover for details
Inputs per minute
— LLaRLLi - - french drush
Build order — LLaRLLi
First 150 of 386 actions detected
| 0:00 | Queue | Villager (Male) |
| 0:01 | Queue | Villager (Male) |
| 0:02 | Build | House |
| 0:02 | Build | House |
| 0:09 | Queue | Villager (Male) |
| 0:14 | Queue | Villager (Male) |
| 0:14 | Queue | Villager (Male) |
| 0:15 | Queue | Villager (Male) |
| 1:23 | Queue | Villager (Male) |
| 1:24 | Queue | Villager (Male) |
| 1:24 | Queue | Villager (Male) |
| 1:49 | Queue | Villager (Male) |
| 1:55 | Build | Lumber Camp |
| 2:22 | Queue | Villager (Male) |
| 2:22 | Queue | Villager (Male) |
| 2:23 | Queue | Villager (Male) |
| 2:53 | Queue | Villager (Male) |
| 2:53 | Queue | Villager (Male) |
| 3:08 | Queue | Villager (Male) |
| 3:08 | Queue | Villager (Male) |
| 3:31 | Queue | Villager (Male) |
| 3:32 | Queue | Villager (Male) |
| 3:50 | Build | House |
| 4:03 | Queue | Villager (Male) |
| 4:03 | Queue | Villager (Male) |
| 4:26 | Queue | Villager (Male) |
| 4:26 | Queue | Villager (Male) |
| 4:37 | Queue | Villager (Male) |
| 5:13 | Queue | Villager (Male) |
| 5:33 | Build | Barracks |
| 5:40 | Queue | Villager (Male) |
| 6:07 | Queue | Villager (Male) |
| 6:21 | Build | House |
| 6:29 | Research | Loom |
| 6:29 | Research | Loom |
| 7:00 | Research | Feudal Age |
| 7:00 | Research | Feudal Age |
| 7:18 | Queue | Militia |
| 7:18 | Queue | Militia |
| 7:19 | Queue | Militia |
| 7:21 | Build | Mill |
| 7:55 | Queue | Militia |
| 9:16 | Age | Feudal Age |
| 9:19 | Queue | Villager (Male) |
| 9:22 | Build | Archery Range |
| 9:45 | Queue | Villager (Male) |
| 9:49 | Research | Double-Bit Axe |
| 9:50 | Research | Double-Bit Axe |
| 10:06 | Research | Man-at-Arms (upgrade) |
| 10:08 | Queue | Villager (Male) |
| 10:15 | Build | House |
| 10:21 | Build | House |
| 10:27 | Queue | Skirmisher |
| 10:39 | Queue | Villager (Male) |
| 10:44 | Build | Farm |
| 10:46 | Build | Farm |
| 10:51 | Queue | Skirmisher |
| 10:54 | Queue | Spearman |
| 11:05 | Build | Farm |
| 11:12 | Queue | Skirmisher |
| 11:21 | Queue | Skirmisher |
| 11:36 | Queue | Spearman |
| 11:38 | Queue | Villager (Male) |
| 11:46 | Build | Farm |
| 11:50 | Build | Farm |
| 11:54 | Queue | Spearman |
| 11:56 | Queue | Villager (Male) |
| 12:03 | Build | House |
| 12:11 | Queue | Spearman |
| 12:13 | Queue | Villager (Male) |
| 12:21 | Build | Farm |
| 12:24 | Queue | Skirmisher |
| 12:24 | Queue | Skirmisher |
| 12:37 | Queue | Villager (Male) |
| 12:39 | Queue | Spearman |
| 12:59 | Build | House |
| 13:11 | Queue | Villager (Male) |
| 13:24 | Build | Blacksmith |
| 13:28 | Queue | Villager (Male) |
| 13:34 | Build | House |
| 13:39 | Queue | Skirmisher |
| 13:48 | Build | Farm |
| 13:54 | Build | House |
| 13:58 | Research | Fletching |
| 14:01 | Queue | Villager (Male) |
| 14:03 | Queue | Skirmisher |
| 14:15 | Queue | Skirmisher |
| 14:29 | Queue | Skirmisher |
| 14:33 | Queue | Villager (Male) |
| 14:35 | Build | Farm |
| 14:36 | Build | Farm |
| 14:40 | Queue | Skirmisher |
| 14:42 | Queue | Villager (Male) |
| 14:56 | Build | Farm |
| 14:57 | Queue | Villager (Male) |
| 15:08 | Queue | Skirmisher |
| 15:17 | Queue | Villager (Male) |
| 15:35 | Research | Padded Archer Armor |
| 15:37 | Queue | Villager (Male) |
| 15:37 | Queue | Skirmisher |
| 15:41 | Queue | Villager (Male) |
| 15:48 | Build | Farm |
| 15:49 | Build | Farm |
| 15:53 | Queue | Skirmisher |
| 16:01 | Build | Mining Camp |
| 16:11 | Build | Farm |
| 16:47 | Queue | Villager (Male) |
| 16:48 | Queue | Skirmisher |
| 16:55 | Queue | Villager (Male) |
| 17:24 | Queue | Villager (Male) |
| 17:26 | Queue | Skirmisher |
| 17:28 | Queue | Villager (Male) |
| 17:38 | Build | House |
| 17:39 | Build | House |
| 17:51 | Queue | Villager (Male) |
| 17:56 | Queue | Villager (Male) |
| 18:03 | Build | Farm |
| 18:04 | Build | Farm |
| 18:07 | Build | Lumber Camp |
| 18:11 | Queue | Spearman |
| 18:18 | Build | Farm |
| 18:19 | Build | Farm |
| 18:20 | Build | Farm |
| 18:25 | Build | House |
| 18:41 | Build | Farm |
| 18:43 | Build | Farm |
| 18:52 | Build | Farm |
| 19:03 | Build | House |
| 19:19 | Build | House |
| 19:20 | Build | House |
| 19:37 | Queue | Villager (Male) |
| 19:39 | Build | Farm |
| 19:49 | Research | Castle Age |
| 19:52 | Queue | Skirmisher |
| 20:04 | Queue | Skirmisher |
| 20:09 | Queue | Villager (Male) |
| 20:11 | Build | House |
| 20:20 | Build | Archery Range |
| 20:40 | Queue | Skirmisher |
| 20:50 | Queue | Skirmisher |
| 20:51 | Queue | Skirmisher |
| 20:56 | Build | Farm |
| 21:15 | Queue | Skirmisher |
| 21:20 | Research | Horse Collar |
| 21:23 | Queue | Skirmisher |
| 21:54 | Queue | Skirmisher |
| 21:54 | Queue | Skirmisher |
| 22:09 | Queue | Skirmisher |
| 22:09 | Queue | Skirmisher |
| 22:29 | Age | Castle Age |
Build order — french drush
First 150 of 390 actions detected
| 0:00 | Queue | Villager (Male) |
| 0:01 | Queue | Villager (Male) |
| 0:02 | Build | House |
| 0:02 | Build | House |
| 0:09 | Queue | Villager (Male) |
| 0:17 | Queue | Villager (Male) |
| 1:33 | Queue | Villager (Male) |
| 1:54 | Queue | Villager (Male) |
| 2:05 | Queue | Villager (Male) |
| 2:34 | Build | Lumber Camp |
| 2:46 | Queue | Villager (Male) |
| 2:52 | Queue | Villager (Male) |
| 3:30 | Build | House |
| 3:37 | Build | House |
| 3:38 | Build | Palisade Wall |
| 3:43 | Queue | Villager (Male) |
| 3:55 | Queue | Villager (Male) |
| 3:58 | Build | House |
| 4:00 | Build | Palisade Wall |
| 4:26 | Queue | Villager (Male) |
| 4:54 | Queue | Villager (Male) |
| 5:05 | Queue | Villager (Male) |
| 5:36 | Build | Mill |
| 5:46 | Queue | Villager (Male) |
| 6:03 | Research | Loom |
| 6:32 | Research | Feudal Age |
| 7:00 | Build | Lumber Camp |
| 7:30 | Build | House |
| 7:32 | Build | Palisade Wall |
| 8:06 | Queue | Villager (Male) |
| 8:11 | Build | Barracks |
| 8:51 | Age | Feudal Age |
| 8:51 | Queue | Villager (Male) |
| 9:04 | Queue | Spearman |
| 9:04 | Queue | Spearman |
| 9:08 | Build | Stable |
| 9:17 | Build | House |
| 9:19 | Queue | Villager (Male) |
| 9:25 | Build | Palisade Wall |
| 9:28 | Build | Palisade Wall |
| 9:31 | Build | Palisade Wall |
| 9:38 | Build | Palisade Wall |
| 9:39 | Queue | Villager (Male) |
| 9:44 | Build | House |
| 9:56 | Queue | Scout Cavalry |
| 10:01 | Queue | Spearman |
| 10:04 | Queue | Villager (Male) |
| 10:07 | Queue | Villager (Male) |
| 10:12 | Build | House |
| 10:16 | Queue | Villager (Male) |
| 10:26 | Queue | Scout Cavalry |
| 10:46 | Queue | Scout Cavalry |
| 10:56 | Queue | Villager (Male) |
| 11:28 | Queue | Villager (Male) |
| 11:36 | Queue | Villager (Male) |
| 11:38 | Build | House |
| 11:40 | Build | Palisade Gate |
| 11:52 | Build | Archery Range |
| 12:08 | Queue | Villager (Male) |
| 12:26 | Build | House |
| 12:29 | Build | House |
| 12:33 | Research | Double-Bit Axe |
| 12:35 | Research | Horse Collar |
| 12:38 | Build | Farm |
| 12:39 | Build | Farm |
| 12:42 | Build | Farm |
| 12:44 | Queue | Villager (Male) |
| 12:50 | Build | Farm |
| 12:54 | Build | Farm |
| 13:01 | Queue | Villager (Male) |
| 13:11 | Queue | Skirmisher |
| 13:17 | Build | Palisade Gate |
| 13:25 | Queue | Skirmisher |
| 13:27 | Queue | Villager (Male) |
| 13:28 | Build | Farm |
| 13:37 | Build | House |
| 13:51 | Queue | Villager (Male) |
| 13:53 | Build | Farm |
| 14:05 | Queue | Skirmisher |
| 14:08 | Queue | Villager (Male) |
| 14:14 | Build | Farm |
| 14:15 | Build | Farm |
| 14:25 | Queue | Skirmisher |
| 14:35 | Build | Farm |
| 14:37 | Build | Farm |
| 14:41 | Queue | Villager (Male) |
| 14:44 | Queue | Skirmisher |
| 15:04 | Queue | Villager (Male) |
| 15:12 | Queue | Skirmisher |
| 15:22 | Queue | Skirmisher |
| 15:33 | Queue | Villager (Male) |
| 15:35 | Queue | Skirmisher |
| 15:38 | Build | Farm |
| 15:39 | Build | Farm |
| 15:42 | Queue | Skirmisher |
| 15:44 | Build | House |
| 15:46 | Build | Palisade Wall |
| 15:49 | Queue | Villager (Male) |
| 15:52 | Build | Farm |
| 16:00 | Queue | Skirmisher |
| 16:06 | Build | Archery Range |
| 16:17 | Queue | Skirmisher |
| 16:19 | Build | House |
| 16:23 | Queue | Villager (Male) |
| 16:46 | Queue | Skirmisher |
| 16:50 | Queue | Villager (Male) |
| 16:52 | Build | Mining Camp |
| 17:00 | Queue | Villager (Male) |
| 17:04 | Queue | Skirmisher |
| 17:06 | Queue | Villager (Male) |
| 17:22 | Queue | Villager (Male) |
| 17:27 | Queue | Skirmisher |
| 17:29 | Queue | Villager (Male) |
| 17:47 | Queue | Villager (Male) |
| 17:47 | Queue | Skirmisher |
| 18:05 | Queue | Villager (Male) |
| 18:12 | Build | Farm |
| 18:12 | Queue | Villager (Male) |
| 18:14 | Build | Farm |
| 18:31 | Queue | Villager (Male) |
| 18:35 | Queue | Skirmisher |
| 18:35 | Queue | Skirmisher |
| 18:43 | Build | Farm |
| 18:44 | Build | Farm |
| 18:55 | Queue | Villager (Male) |
| 19:07 | Build | Blacksmith |
| 19:28 | Research | Castle Age |
| 19:28 | Research | Castle Age |
| 19:32 | Queue | Villager (Male) |
| 19:34 | Queue | Skirmisher |
| 19:52 | Research | Fletching |
| 19:52 | Research | Fletching |
| 20:02 | Queue | Skirmisher |
| 20:02 | Queue | Skirmisher |
| 20:12 | Queue | Skirmisher |
| 20:42 | Queue | Skirmisher |
| 20:43 | Queue | Villager (Male) |
| 20:51 | Queue | Skirmisher |
| 21:03 | Queue | Skirmisher |
| 21:15 | Research | Padded Archer Armor |
| 21:18 | Queue | Skirmisher |
| 21:18 | Queue | Skirmisher |
| 21:27 | Queue | Skirmisher |
| 22:08 | Age | Castle Age |
| 22:11 | Research | Elite Skirmisher (upgrade) |
| 22:16 | Research | Bodkin Arrow |
| 22:19 | Queue | Skirmisher |
| 22:28 | Queue | Skirmisher |
| 22:28 | Queue | Skirmisher |
| 22:34 | Queue | Villager (Male) |
Match timeline
| 3:38 | french drush · wall_segment Palisade Wall x1 |
| 4:00 | french drush · wall_segment Palisade Wall x3 |
| 5:33 | LLaRLLi · first_building Barracks |
| 7:32 | french drush · wall_segment Palisade Wall x6 |
| 8:11 | french drush · first_building Barracks |
| 8:51 | french drush · age_up feudal |
| 9:08 | french drush · first_building Stable |
| 9:16 | LLaRLLi · age_up feudal |
| 9:22 | LLaRLLi · first_building Archery Range |
| 9:25 | french drush · wall_segment Palisade Wall x1 |
| 9:28 | french drush · wall_segment Palisade Wall x1 |
| 9:31 | french drush · wall_segment Palisade Wall x1 |
| 9:38 | french drush · wall_segment Palisade Wall x1 |
| 11:52 | french drush · first_building Archery Range |
| 15:46 | french drush · wall_segment Palisade Wall x1 |
| 22:08 | french drush · age_up castle |
| 22:29 | LLaRLLi · age_up castle |
| 24:03 | french drush · first_building Monastery |
| 25:38 | LLaRLLi · first_market_buy 100 wood |
| 26:00 | french drush · first_building Siege Workshop |
| 28:55 | LLaRLLi · first_building Siege Workshop |
| 34:28 | french drush · first_market_buy 100 food |
| 35:06 | LLaRLLi · first_building Castle |
| 36:07 | LLaRLLi · first_market_sell 100 wood |
| 36:11 | french drush · first_building Castle |
| 37:48 | french drush · age_up imperial |
| 37:57 | LLaRLLi · resign |
[ AI ANALYSIS · 1 CREDIT ]
What really happened in this match?
Wolo.gg analyzes every decision: build order, eco, micro, common mistakes by bracket. Personalized analysis on WhatsApp or Discord in 30 seconds.
Civ guide
Dravidians
Perfil
LLaRLLi